Map: Écho EC

Players

AgCl

  • Race: Protoss Protoss

lIIlllIIIllI - Winner!

  • Race: Zerg Zerg

VOD

Have the link to the VOD?

Description

Time

  • Played on: May 22, 2015, 2:52 a.m.
  • Length: 3:57
Show
View Real Time Build Order
Export as new Build Order

AgCl Protoss 

Build Orders:  

Get SALT Encoding   

  12  0:02  Probe  
  13  0:18  Probe  
  13  0:21  Pylon  
  14  0:39  Probe  
  14  0:41  Assimilator  
  15  0:51  Probe (Chrono Boost)  
  15  0:54  Gateway  
  16  1:03  Probe (Chrono Boost)  
  17  1:09  Probe (Chrono Boost)  
  18  1:20  Probe (Chrono Boost)  
  19  1:32  Probe (Chrono Boost)  
  19  1:41  Probe (Chrono Boost)  
  19  1:43  Zealot (Chrono Boost)  
  22  1:47  Nexus  
  22  1:55  Cybernetics Core  
  22  2:28  Assimilator  
  22  2:33  Pylon  
  22  2:41  Probe  
  21  2:53  Probe (Chrono Boost)  
  21  2:55  Stargate  
  22  3:04  Probe x2 (Chrono Boost)  
  24  3:12  Mothership Core (Chrono Boost)  
  27  3:14  Probe (Chrono Boost)  
  27  3:23  Probe  
  28  3:28  Probe (Chrono Boost)  
  27  3:35  Probe (Chrono Boost)  
  29  3:44  Probe (Chrono Boost)  
  29  3:45  Probe (Chrono Boost)  
Show
View Real Time Build Order
Export as new Build Order

lIIlllIIIllI Zerg - Winner!

Build Orders: Hatch First 

Get SALT Encoding   

  12  0:01  Drone  
  13  0:08  Drone  
  14  0:17  Overlord  
  14  0:24  Extractor  
  14  0:25  Drone  
  15  0:36  Drone x2  
  17  0:52  Hatchery  
  17  0:54  Drone  
  17  0:59  Drone  
  18  1:14  Drone  
  18  1:15  Spawning Pool  
  18  1:18  Extractor  
  17  1:30  Overlord  
  17  1:33  Drone  
  18  1:42  Drone  
  19  2:03  Queen  
  19  2:05  Queen  
  19  2:06  Zergling x6  
  26  2:09  Drone  
  27  2:21  Metabolic Boost  
  26  2:46  Drone x4  
  26  2:47  Hatchery  
  26  2:50  Overlord  
  29  2:54  Drone  
  30  2:59  Queen  
  30  3:02  Drone  
  33  3:08  Drone x2  
  35  3:25  Overlord  
  36  3:27  Drone x4  
  39  3:42  Drone  
  39  3:43  Drone x4  
  44  3:52  Spore Crawler  
  44  3:53  Spore Crawler  
Tags
 
Add a new tag
Caveats
  • Supply blocks, unpowered buildings, or Contaminate may cause inaccurate times.
  • Supply counts are checked every 10 seconds.